 Dungeon Crawl Stone Soup version 0.26-a0-43-g20b394cb32 (console) character file.

Game seed: 2897851594103937653

436 Cab the Reanimator (level 6, 0/41 HPs)
             Began as a Mummy Necromancer on June 2, 2020.
             Slain by an adder (1 damage)
             ... on level 5 of the Dungeon.
             The game lasted 00:14:45 (5205 turns).

Cab the Reanimator (Mummy Necromancer)              Turns: 5205, Time: 00:14:46

Health: 0/41       AC: 11    Str: 12    XL:     6   Next: 68%
Magic:  2/10       EV:  5    Int: 16    God:
Gold:   165        SH:  0    Dex: 12    Spells: 3/11 levels left

rFire    . . .     SeeInvis .   m - +2 dagger (venom)
rCold    + . .     Gourm    .   (no shield)
rNeg     + + +     Faith    .   o - +0 chain mail
rPois    ∞         Spirit   .   i - +2 hat
rElec    .         Reflect  .   (no cloak)
rCorr    .         Harm     .   (no gloves)
MR       .....                  g - +0 pair of boots (curse)
Stlth    ..........             (no amulet)
HPRegen  0.13/turn              k - ring of protection from fire
MPRegen  0.12/turn              (no ring)

@: about to teleport, very slightly contaminated
A: no food or potions, fire vulnerability, cold resistance 1, negative energy
resistance 3, torment resistance, unbreathing
a: no special abilities


You were on level 5 of the Dungeon.
You were not hungry.

You visited 1 branch of the dungeon, and saw 5 of its levels.

You collected 165 gold pieces.

Inventory:

Hand Weapons
 m - a +2 dagger of venom (weapon)
Armour
 e - a +0 helmet
 g - a cursed +0 pair of boots (worn)
 i - a +2 hat (worn)
 o - a +0 chain mail (worn)
Jewellery
 k - a ring of protection from fire (left hand)
Scrolls
 a - a scroll of fog {unknown}
 b - 2 scrolls of enchant armour {unknown}
 c - 2 scrolls of random uselessness {unknown}
 d - 2 scrolls of teleportation
 f - 2 scrolls of identify
 h - 3 scrolls of remove curse {unknown}
 j - a scroll of fear {unknown}
 l - 2 scrolls of magic mapping {unknown}
 n - a scroll of amnesia {unknown}
 p - a scroll of noise {unknown}


   Skills:
 - Level 1.5 Dodging
 - Level 1.5 Stealth
 - Level 3.0 Spellcasting
 * Level 8.0 Necromancy


You had 3 spell levels left.
You knew the following spells:

 Your Spells              Type           Power        Failure   Level  Hunger
a - Pain                  Necr           ####         32%         1    N/A
b - Vampiric Draining     Necr           ####......   69%         3    N/A
c - Animate Dead          Necr           N/A          97%         4    N/A

Your spell library contained the following spells:

 Spells                   Type           Power        Failure   Level  Hunger
 Animate Skeleton         Necr           N/A          32%         1    N/A
 Confusing Touch          Hex            #.......     100%        3    N/A
 Gell's Gravitas          Tloc           #.........   100%        3    N/A
 Petrify                  Tmut/Erth      #.......     100%        4    N/A
 Agony                    Necr           ####....     100%        5    N/A
 Metabolic Englaciation   Hex/Ice        #.........   100%        5    N/A
 Yara's Violent Unravell  Hex/Tmut       #.........   100%        5    N/A

Dungeon Overview and Level Annotations

Branches:
Dungeon (5/15)
 Temple: D:4-7

Altars:
Ru
Sif Muna
Trog

Annotations:
D:5 Blork the orc, Eustachio


Innate Abilities, Weirdness & Mutations

You do not eat or drink.
Your flesh is vulnerable to fire.
You are immune to poison.
Your flesh is cold resistant. (rC+)
You are immune to negative energy. (rN+++)
You are immune to unholy pain and torment.
You can survive without breathing.


Message History

Something hits you but does no damage.
Casting: Vampiric Draining (extremely dangerous; 69% risk of failure)
Confirm with . or Enter, or press ? or * to list all spells.
The spell is extremely dangerous to cast (69% risk of failure)!
Continue anyway?
Aiming: Vampiric Draining (extremely dangerous; 69% risk of failure)
Press: ? - help, Shift-Dir - straight line, f/p - worker ant
Aim: a worker ant You miscast Vampiric Draining.
You are engulfed in negative energy.
You resist.
Your surroundings suddenly seem different.
Eustachio the Magnificent comes into view.
He is wielding a +0 rapier.
Eustachio shouts!
An adder comes into view.
The adder hisses angrily.
Blork the orc comes into view.
He is wielding a +0 hand axe and carrying a wand of polymorph (8).
The adder bites you.
* * * LOW HITPOINT WARNING * * *
Found a stone staircase leading down.
As you read the scroll of teleportation, it crumbles to dust.
You feel strangely unstable. The adder bites you.
You die...

▒▒ ▒▒▒▒∙▒ ▒ ▒
▒∙∙8∙▒∙▒∙▒ ▒∙∙∙∙∙∙∙∙∙
▒▒▒▒∙∙∙∙∙@∙∙∙
▒∙∙o∙@8∙▒ ▒∙∙∙S▒▒▒▒
▒∙∙∙∙▒▒▒▒▒▒▒▒▒▒▒▒▒
▒∙∙∙∙▒▒∙▒▒∙▒▒∙∙∙∙
▒∙∙∙∙▒▒∙▒∙∙∙∙∙∙▒▒
∙∙∙∙∙∙▒▒∙▒∙∙∙∙∙∙∙▒
▒∙∙∙▒▒▒∙∙∙▒∙∙∙∙∙∙∙▒▒▒
▒∙∙∙ ∙▒∙∙∙∙∙∙∙∙∙∙∙▒


'∙∙∙ >▒)∙∙∙▒∙∙▒∙▒▒▒ You could see Eustachio, Blork the orc and an adder.

Vanquished Creatures
  An ogre (D:4)
  A scorpion (D:4)
  3 orc wizards
  2 iguanas (D:4)
  A worker ant (D:4)
  7 adders
  2 adder skeletons (D:4)
  A dart slug (D:1)
  4 leopard geckos
  11 orcs
  3 giant cockroaches
  6 hobgoblins
  4 jackals (D:2)
  5 quokkas (D:3)
  3 bats
  4 frilled lizards
  2 goblins
  7 kobolds
  8 rats
75 creatures vanquished.

Notes
Turn   | Place    | Note
-------+----------+-------------------------------------------
     0 | D:1      | Cab the Mummy Necromancer began the quest for the Orb.
     0 | D:1      | Reached XP level 1. HP: 13/13 MP: 4/4
   354 | D:1      | You fall into a shaft and drop 1 floor!
   399 | D:2      | Reached XP level 2. HP: 10/19 MP: 1/5
   617 | D:2      | Found a shimmering blue altar of Sif Muna.
  1409 | D:2      | Reached XP level 3. HP: 24/24 MP: 3/7
  1453 | D:2      | Reached skill level 5 in Necromancy
  1718 | D:2      | Reached XP level 4. HP: 30/30 MP: 6/8
  2050 | D:2      | Learned a level 3 spell: Vampiric Draining
  2055 | D:2      | Learned a level 4 spell: Animate Dead
  2744 | D:3      | Reached skill level 6 in Necromancy
  3000 | D:3      | Reached XP level 5. HP: 34/35 MP: 1/9
  3369 | D:3      | Found a bloodstained altar of Trog.
  3724 | D:4      | Noticed an ogre
  3770 | D:4      | Killed an ogre
  3770 | D:4      | Reached skill level 7 in Necromancy
  3770 | D:4      | Reached XP level 6. HP: 8/41 MP: 2/10
  4994 | D:4      | Found a sacrificial altar of Ru.
  5107 | D:5      | Entered Level 5 of the Dungeon
  5199 | D:5      | Reached skill level 8 in Necromancy
  5203 | D:5      | Noticed Eustachio
  5203 | D:5      | Noticed Blork the orc
  5203 | D:5      | HP: 1/41 [adder (4)]
  5205 | D:5      | Slain by an adder

Illustrated notes

Levels and vault maps discovered:
D:1:      dpeg_arrival_tiny_a, layout_basic, minmay_unequal
D:2:      layout_basic, led_sif_pool
D:3:      layout_loops_ring, kennysheep_donut, trog_butcher_becter
D:4:      layout_layer_cave, first_ration, nicolae_ru_path_of_blood
D:5:      layout_basic, nicolae_gozag_cash_rules_everything_around_me,
          lemuel_round_altar, minitemple, serial_shops, shop,
          uniq_blork_the_orc, uniq_pikel, uniq_eustachio

Skill      XL: |  1  2  3  4  5  6 |
---------------+-------------------+-----
Spellcasting   | 3 |  3.0
Necromancy     | 5 6 7 8 |  8.0
Dodging        | |  1.5
Stealth        | |  1.5

Action                   |  1- 3 |  4- 6 || total
-------------------------+-------+-------++-------
Melee: Whip              |    32 |    67 ||    99
       Unarmed           |     1 |       ||     1
       Dagger            |       |    56 ||    56
 Cast: Pain              |    34 |    51 ||    85
       Vampiric Draining |       |     5 ||     5
  Use: Scroll            |       |     3 ||     3
 Stab: Sleeping          |     1 |     3 ||     4
Armor: Robe              |    11 |    31 ||    42
       Chain mail        |       |    15 ||    15
Dodge: Dodged            |    32 |    97 ||   129

Table legend:
 A = Non-vault XP
 B = Vault XP
 C = Vault XP percentage of total XP
 D = Non-vault monster count
 E = Vault monster count
 F = Vault count percentage of total count
                 A         B        C        D         E       F
            +---------+---------+-------+---------+---------+-------
      Total |     608 |      15 |   2.4 |      69 |       6 |   8.0
            +---------+---------+-------+---------+---------+-------
        D:1 |       9 |       5 |  35.7 |       7 |       2 |  22.2
        D:2 |      97 |       0 |   0.0 |      23 |       0 |   0.0
        D:3 |      93 |      10 |   9.7 |      22 |       4 |  15.4
        D:4 |     320 |       0 |   0.0 |      11 |       0 |   0.0
        D:5 |      89 |       0 |   0.0 |       6 |       0 |   0.0
            +---------+---------+-------+---------+---------+-------
